Map: Beckett Industries LE

Players

KingCobra

  • Race: Protoss Protoss

ShaDoWn - Winner!

  • Race: Protoss Protoss

Event: DreamHack SC2 Masters 2021 Winter

VOD

Have the link to the VOD?

Description

Time

  • Played on: Sept. 30, 2021, 11:38 a.m.
  • Length: 11:46

All games in this series

Show
View Real Time Build Order
Export as new Build Order

KingCobra Protoss 

Build Orders: Oracle Opening, Carriers 

Get SALT Encoding   

  12  0:00  Probe (Chrono Boost)  
  13  0:09  Probe (Chrono Boost)  
  14  0:14  Probe (Chrono Boost)  
  15  0:22  Pylon  
  15  0:40  Probe  
  15  0:42  Gateway  
  16  0:50  Assimilator  
  16  0:54  Probe (Chrono Boost)  
  17  0:59  Assimilator  
  17  1:06  Probe (Chrono Boost)  
  18  1:14  Pylon  
  18  1:15  Probe (Chrono Boost)  
  19  1:21  Probe  
  20  1:30  Cybernetics Core  
  20  1:33  Probe  
  20  1:36  Zealot  
  23  1:45  Probe  
  24  1:57  Probe  
  25  2:07  Stargate  
  25  2:09  Probe (Chrono Boost)  
  26  2:18  Robotics Facility  
  26  2:21  Probe (Chrono Boost)  
  27  2:24  Stalker  
  27  2:27  Probe (Chrono Boost)  
  30  2:35  Pylon  
  29  2:46  Shield Battery  
  29  2:53  Oracle  
  29  2:55  Probe  
  33  3:07  Probe  
  33  3:08  Observer  
  35  3:13  Pylon  
  35  3:20  Probe  
  36  3:31  Nexus  
  36  3:45  Immortal (Chrono Boost)  
  38  4:00  Probe  
  39  4:04  Pylon  
  39  4:09  Observer  
  39  4:22  Probe (Chrono Boost), Oracle  
  43  4:25  Pylon  
  43  4:34  Immortal  
  47  4:40  Shield Battery  
  47  4:43  Probe (Chrono Boost)  
  48  4:48  Observer  
  48  4:49  Probe (Chrono Boost)  
  49  4:58  Probe x2 (Chrono Boost)  
  51  5:03  Probe (Chrono Boost)  
  51  5:05  Probe  
  53  5:13  Immortal  
  57  5:15  Probe  
  57  5:17  Probe  
  59  5:27  Probe  
  60  5:28  Assimilator  
  60  5:29  Forge, Probe  
  60  5:30  Assimilator  
  61  5:39  Probe  
  61  5:41  Observer, Probe  
  63  5:43  Shield Battery  
  63  5:45  Void Ray, Fleet Beacon  
  63  5:54  Pylon  
  67  5:58  Shield Battery  
  67  6:11  Photon Cannon  
  67  6:12  Immortal  
  71  6:20  Probe x2 (Chrono Boost)  
  71  6:21  Stargate  
  73  6:30  Probe x2 (Chrono Boost)  
  75  6:35  Probe  
  75  6:36  Probe  
  75  6:38  Pylon, Protoss Air Weapons Level 1  
  76  6:48  Probe x2  
  76  6:49  Pylon  
  84  7:01  Carrier  
  84  7:03  Observer  
  84  7:19  Photon Cannon  
  84  7:20  Pylon, Photon Cannon  
  84  7:22  Pylon, Shield Battery  
  83  7:37  Carrier (Chrono Boost)  
  83  7:40  Immortal, Photon Cannon  
  84  7:58  Probe x2  
  86  8:04  Carrier (Chrono Boost)  
  91  8:15  Probe x2  
  93  8:24  Pylon  
  93  8:25  Pylon  
  93  8:31  Pylon  
  93  8:33  Pylon  
  93  8:34  Nexus  
  93  8:35  Pylon  
  93  8:42  Immortal  
  93  8:44  Sentry  
  105  8:49  Protoss Air Weapons Level 2 (Chrono Boost)  
  105  8:50  Carrier (Chrono Boost)  
  105  8:59  Shield Battery  
  105  9:00  Cybernetics Core  
  105  9:02  Photon Cannon  
  105  9:16  Carrier (Chrono Boost), Probe  
  105  9:17  Probe  
  113  9:31  Probe x2  
  115  9:37  Assimilator  
  115  9:41  Assimilator  
  115  9:44  Photon Cannon  
  115  10:02  Carrier  
  121  10:15  Carrier (Chrono Boost)  
  123  10:23  Immortal  
  104  11:03  Nexus  
Show
View Real Time Build Order
Export as new Build Order

ShaDoWn Protoss - Winner!

Build Orders:  

Get SALT Encoding   

  12  0:00  Probe  
  13  0:12  Probe  
  14  0:17  Pylon  
  14  0:24  Probe (Chrono Boost)  
  15  0:36  Probe (Chrono Boost)  
  15  0:39  Gateway  
  16  0:44  Probe (Chrono Boost)  
  16  0:46  Assimilator  
  17  0:51  Probe  
  18  1:03  Assimilator, Probe  
  19  1:15  Probe (Chrono Boost)  
  19  1:17  Gateway  
  21  1:26  Probe (Chrono Boost)  
  21  1:30  Cybernetics Core  
  21  1:31  Probe (Chrono Boost)  
  22  1:40  Pylon  
  22  1:44  Probe  
  23  1:58  Probe  
  24  2:06  Warp Gate, Stalker x2  
  28  2:16  Pylon  
  28  2:36  Stalker x2  
  32  2:55  Nexus  
  32  2:59  Probe (Chrono Boost)  
  33  3:11  Probe (Chrono Boost)  
  33  3:12  Sentry  
  36  3:19  Probe (Chrono Boost)  
  37  3:21  Twilight Council  
  37  3:25  Probe  
  38  3:28  Pylon  
  38  3:38  Probe  
  39  3:50  Probe  
  39  3:52  Shield Battery  
  40  4:02  Probe  
  41  4:03  Blink  
  41  4:07  Probe  
  41  4:08  Stalker  
  41  4:09  Stalker  
  46  4:14  Probe (Chrono Boost)  
  45  4:19  Probe (Chrono Boost)  
  44  4:26  Probe (Chrono Boost)  
  46  4:31  Probe (Chrono Boost)  
  46  4:33  Forge  
  46  4:34  Probe (Chrono Boost)  
  46  4:36  Probe (Chrono Boost)  
  48  4:40  Gateway  
  48  4:41  Probe (Chrono Boost)  
  49  4:46  Probe (Chrono Boost)  
  49  4:47  Sentry  
  52  4:58  Probe (Chrono Boost)  
  52  4:59  Probe (Chrono Boost)  
  54  5:03  Nexus  
  54  5:07  Stalker  
  56  5:10  Protoss Ground Weapons Level 1  
  56  5:15  Stalker  
  56  5:17  Probe  
  59  5:21  Shield Battery, Probe  
  59  5:26  Pylon  
  60  5:30  Pylon  
  60  5:37  Pylon x2  
  60  5:38  Assimilator  
  60  5:43  Pylon  
  60  5:44  Probe  
  60  5:45  Probe  
  62  5:50  Adept x2  
  62  5:56  Probe  
  67  5:57  Probe  
  68  6:08  Photon Cannon  
  68  6:09  Probe x2 (Chrono Boost)  
  70  6:12  Gateway x2  
  70  6:13  Stalker  
  70  6:16  Stalker  
  70  6:18  Probe (Chrono Boost)  
  75  6:21  Probe (Chrono Boost)  
  75  6:23  Probe (Chrono Boost)  
  77  6:28  Probe (Chrono Boost)  
  77  6:29  Probe (Chrono Boost)  
  77  6:30  Probe (Chrono Boost)  
  80  6:33  Probe (Chrono Boost)  
  80  6:35  Probe  
  80  6:36  Stalker  
  80  6:37  Probe  
  85  6:42  Stalker  
  85  6:44  Probe  
  86  6:47  Probe  
  86  6:49  Pylon, Probe  
  88  6:56  Assimilator, Probe  
  88  6:57  Charge  
  90  7:04  Pylon  
  90  7:07  Stalker x4  
  99  7:13  Nexus  
  97  7:16  Protoss Ground Weapons Level 2 (Chrono Boost)  
  97  7:17  Pylon  
  97  7:23  Pylon  
  97  7:24  Probe x3  
  100  7:35  Stalker  
  100  7:36  Probe, Stalker x3  
  107  7:37  Probe  
  107  7:40  Probe  
  105  7:48  Probe  
  100  7:53  Probe  
  100  7:54  Probe  
  90  8:00  Probe  
  90  8:01  Stalker x4  
  90  8:02  Gateway  
  90  8:04  Gateway  
  90  8:05  Probe  
  100  8:07  Probe  
  101  8:13  Gateway  
  101  8:14  Probe  
  101  8:15  Gateway  
  101  8:16  Gateway  
  97  8:26  Stalker x4  
  102  8:31  Gateway  
  102  8:33  Gateway  
  100  8:34  Templar Archives  
  100  8:42  Assimilator x2  
  100  8:51  Stalker x4  
  106  8:59  Stalker  
  106  9:00  Stalker  
  110  9:09  Zealot x2  
  110  9:14  High Templar  
  110  9:15  High Templar  
  112  9:17  Zealot x3  
  112  9:20  Robotics Facility  
  118  9:24  Zealot x2  
  118  9:25  Archon  
  118  9:29  Gateway  
  118  9:30  Zealot x4  
  130  9:37  High Templar x2  
  130  9:38  Zealot  
  136  9:41  Archon  
  136  9:45  Zealot x2  
  140  9:47  Stalker x2  
  140  9:50  Zealot x3  
  140  9:51  Zealot  
  148  9:59  Zealot  
  148  10:09  Zealot x2  
  148  10:10  Zealot x2  
  154  10:15  Pylon  
  154  10:16  Pylon  
  152  10:22  Zealot x3  
  148  10:28  Zealot x4  
  146  10:38  Zealot x5  
  138  10:46  Probe  
  138  10:47  Probe  
  138  10:48  Stalker  
  138  10:49  Stalker x6  
  118  11:02  Stalker x5  
  122  11:04  Nexus  
  122  11:06  Pylon  
  120  11:12  Stalker x5  
  120  11:15  Stalker x2  
  130  11:39  Stalker x2  
  116  11:40  Stalker x9  
  116  11:42  Zealot  

Tags
 
Add a new tag
Caveats
  • Supply blocks, unpowered buildings, or Contaminate may cause inaccurate times.
  • Supply counts are checked every 10 seconds.